 Dungeon Crawl Stone Soup version 0.16-b1 (webtiles) character file.

162 grisnicke the Caller (level 5, 0/28 HPs)
             Began as a Tengu Summoner on Mar 8, 2015.
             Slain by a hound (6 damage)
             ... on level 3 of the Dungeon.
             The game lasted 00:18:18 (3245 turns).

grisnicke the Caller (Tengu Summoner)               Turns: 3245, Time: 00:18:18

Health: 0/28       AC:  2    Str:  8    XL:     5   Next: 43%
Magic:  11/13      EV: 12    Int: 18    God:
Gold:   144        SH:  4    Dex: 15    Spells: 4 memorised, 0 levels left

rFire  . . .     SeeInvis .     a - +0 spear (flame)
rCold  . . .     Clarity  .     h - +0 robe
rNeg   . . .     SustAb   .     t - +0 buckler
rPois  .         Gourm    .     (helmet restricted)
rElec  .         Spirit   .     (no cloak)
rCorr  .         Warding  .     (no gloves)
rMut   .         Stasis   .     (boots unavailable)
MR     .....                    (no amulet)
Stlth  ++........               (no ring)
                                B - +2 ring of intelligence

@: drained, not resistant to hostile enchantments, unstealthy
A: able to fly, beak, talons 3
a: Fly


You were on level 3 of the Dungeon.
You were not hungry.

You visited 1 branch of the dungeon, and saw 4 of its levels.

You collected 144 gold pieces.

Inventory:

Hand weapons
 a - a +0 spear of flaming (weapon)
 b - a +0 blowgun
 w - a +0 hunting sling
Missiles
 k - 66 stones (quivered)
 m - 42 poisoned needles
 v - 7 needles of frenzy
Armour
 h - a +0 robe (worn)
 t - a +0 buckler (worn)
Jewellery
 B - a +2 ring of intelligence (left hand)
Scrolls
 d - a scroll of recharging {unknown}
 f - a scroll of immolation {unknown}
 g - a scroll of enchant armour {unknown}
 s - a scroll of fear {unknown}
 y - a scroll of teleportation {unknown}
 D - a scroll of fog {unknown}
Potions
 e - a potion of ambrosia
 i - a potion of haste
 j - a potion of heal wounds
 n - a potion of invisibility
 q - a potion of magic {unknown}
 x - a potion of lignification {unknown}
 z - a potion of curing {unknown}
 A - a potion of flight {unknown}
Books
 u - a book of Callings

   Spells                             Type                      Level
   a - Summon Small Mammal            Summoning                    1
   b - Call Imp                       Summoning                    2
   c - Call Canine Familiar           Summoning                    3
   d - Summon Guardian Golem          Hexes/Summoning              4
   e - Summon Lightning Spire         Summoning/Air                4
   f - Summon Ice Beast               Ice/Summoning                4
Comestibles
 c - 4 bread rations
 l - 12 fruits
 o - 2 slices of pizza
 p - 2 meat rations
 r - a beef jerky


   Skills:
 - Level 2.1(2.0) Dodging
 - Level 2.0(1.8) Stealth
 * Level 2.2(2.1) Shields
 - Level 3.0(2.9) Spellcasting
 - Level 6.3(6.2) Summonings
 + Level 0.3(0.2) Ice Magic


You couldn't memorise any spells.
You knew the following spells:

 Your Spells              Type           Power        Failure   Level  Hunger
a - Summon Small Mammal   Summ           ###.         1%          1    None
b - Call Imp              Summ           ###.....     2%          2    ##.....
c - Call Canine Familiar  Summ           ###.....     8%          3    ###....
d - Summon Ice Beast      Ice/Summ       ##......     69%         4    ####...


Dungeon Overview and Level Annotations

Branches:
Dungeon (4/15)
 Temple: D:4-7

Altars:
Fedhas

Annotations:
D:4 Dowan, Duvessa


Innate Abilities, Weirdness & Mutations

You can fly.
You have a beak for a mouth.
You have claws for feet.


Message History

You miss the hound. Your kick misses the hound.
The hound is moderately wounded.
The hound barely misses you.
Your hound barely misses the hound.
The hound bites you.
You closely miss the hound.
The hound is moderately wounded.
Your hound barely misses the hound.
You block the hound's attack.
Your hound bites the hound but does no damage.
The hound bites you.
* * * LOW HITPOINT WARNING * * *
You hit the hound. You burn the hound. You peck the hound.
The hound is heavily wounded.
Your hound closely misses the hound.
The hound barely misses you.
Your hound barely misses the hound.
You barely miss the hound.
The hound is heavily wounded.
The hound bites you.
* * * LOW HITPOINT WARNING * * *
Your hound bites the hound.
The hound bites you.
You die...

#.# #.# #.## ### #.#
#.# #.# #.###.# #.#
#.## #...#.# #.# #..>
#.#.#.# #.# #[..
#.#.#.# #.# #...
#.#.#.#########.###.##
#.#.#.h...............
#.#.#@h...............
#.#.#.#############.##
#.#...)........o....#
#.###.###############
#.....# #######


You could see a hound and a friendly hound.

Vanquished Creatures
  A giant frog (D:3)
  4 adders
  A giant mite (D:4)
  A worm (D:2)
  An orc (D:3)
  A ball python (D:3)
  A giant cockroach (D:3)
  4 hobgoblins
  4 kobolds
  7 bats
  3 giant newts
  2 goblins
  6 jackals
  A quokka (D:2)
  6 rats
43 creatures vanquished.

Vanquished Creatures (collateral kills)
  An adder (D:3)
  A giant mite (D:3)
  A worm (D:2)
  A giant gecko (D:1)
  3 orcs (D:3)
  A ball python (D:3)
  A bat (D:3)
  A giant cockroach (D:1)
  A goblin (D:2)
  A hobgoblin (D:2)
  A kobold (D:3)
  A jackal (D:2)
  A rat (D:3)
15 creatures vanquished.

Vanquished Creatures (others)
  2 hounds (D:3)
  An orc (D:3)
  2 rats (D:2)
5 creatures vanquished.

Grand Total: 63 creatures vanquished

Notes
Turn   | Place    | Note
--------------------------------------------------------------
     0 | D:1      | grisnicke, the Tengu Summoner, began the quest for the Orb.
     0 | D:1      | Reached XP level 1. HP: 10/10 MP: 3/3
   143 | D:1      | Reached skill level 5 in Summonings
   529 | D:1      | Reached XP level 2. HP: 6/15 MP: 1/5
   533 | D:1      | Learned a level 2 spell: Call Imp
  1368 | D:2      | Reached XP level 3. HP: 12/19 MP: 2/7
  1708 | D:2      | Learned a level 3 spell: Call Canine Familiar
  1884 | D:2      | Found a blossoming altar of Fedhas.
  2083 | D:2      | Reached XP level 4. HP: 24/24 MP: 7/10
  2309 | D:3      | Noticed a giant frog
  2319 | D:3      | Killed a giant frog
  2319 | D:3      | Reached skill level 1 in Shields
  2319 | D:3      | Reached skill level 6 in Summonings
  2319 | D:3      | Reached XP level 5. HP: 21/28 MP: 1/13
  2551 | D:3      | Learned a level 4 spell: Summon Ice Beast
  3223 | D:4      | Noticed Duvessa
  3224 | D:4      | Noticed Dowan
  3245 | D:3      | Slain by a hound

Action                   |  1- 3 |  4- 6 || total
-------------------------+-------+-------++-------
Melee: Spear             |    81 |    33 ||   114
       Unarmed           |     3 |       ||     3
 Fire: Hunting sling     |       |    21 ||    21
       Blowgun           |       |     3 ||     3
Throw: Stone             |    32 |     6 ||    38
 Cast: Summon Small Mamm |     9 |     2 ||    11
       Call Imp          |     6 |     7 ||    13
       Call Canine Famil |     1 |     7 ||     8
  Use: Scroll            |     4 |       ||     4
 Stab: Sleeping          |     6 |     1 ||     7
  Eat: Chunk             |     4 |     5 ||     9
